 Dungeon Crawl Stone Soup version 0.21.1-35-gfefc1aa2bb (webtiles) character file.

46 Lavandula the Magician (level 3, -9/24 HPs)
             Began as a Barachi Earth Elementalist on July 31, 2018.
             Mangled by an ogre
             ... wielding a +0 giant club
              (17 damage)
             ... on level 5 of the Dungeon.
             The game lasted 00:02:50 (681 turns).

Lavandula the Magician (Barachi Earth Elementalist)  Turns: 681, Time: 00:02:50

Health: -9/24      AC:  2    Str: 14    XL:     3   Next: 68%
Magic:  1/8        EV: 12    Int: 16    God:
Gold:   113        SH:  0    Dex: 12    Spells: 6/10 levels left

rFire    . . .     SeeInvis .   m - +0 long sword
rCold    . . .     Gourm    .   (no shield)
rNeg     . . .     Faith    .   c - +0 robe
rPois    .         Spirit   .   (no helmet)
rElec    .         Reflect  .   (no cloak)
rCorr    .         Harm     .   (no gloves)
MR       .....                  (no boots)
Stlth    ++........             (no amulet)
HPRegen  0.08/turn              (no ring)
MPRegen  0.11/turn              (no ring)

@: mighty, can't hop, slow
A: +LOS, swims, slowness 1, strong legs 1
a: Hop


You were on level 5 of the Dungeon.
You were not hungry.

You visited 1 branch of the dungeon, and saw 5 of its levels.

You collected 113 gold pieces.

Inventory:

Hand Weapons
 g - a +0 dagger
 m - a +0 long sword (weapon)
Missiles
 b - 52 stones (quivered)
Armour
 c - a +0 robe (worn)
 k - a +2 scale mail of poison resistance
 s - a +0 buckler
Scrolls
 a - 2 scrolls of fear {unknown}
 f - a scroll of identify {unknown}
 h - a scroll of remove curse {unknown}
 i - a scroll of teleportation {unknown}
 j - a scroll of random uselessness {unknown}
 p - a scroll of enchant armour {unknown}
 r - a scroll of fog {unknown}
Potions
 n - a potion of curing {unknown}
 o - a potion of haste
Books
 e - a book of Geomancy

   Spells                             Type                      Level
   a - Sandblast                      Earth                        1
   b - Passwall                       Transmutation/Earth          2
   c - Stone Arrow                    Conjuration/Earth            3
   d - Petrify                        Transmutation/Earth          4
   e - Lee's Rapid Deconstruction     Earth                        5
 q - a book of Misfortune

   Spells                             Type                      Level
   a - Confusing Touch                Hexes                        1
   b - Confuse                        Hexes                        3
   c - Gell's Gravitas                Translocation                3
   d - Petrify                        Transmutation/Earth          4
   e - Metabolic Englaciation         Hexes/Ice                    5
   f - Yara's Violent Unravelling     Hexes/Transmutation          5
Comestibles
 d - 7 rations


   Skills:
 - Level 2.1 Dodging
 - Level 1.7 Stealth
 + Level 4.0 Spellcasting
   Level 1.1 Transmutations
 - Level 3.0 Earth Magic


You had 6 spell levels left.
You knew the following spells:

 Your Spells              Type           Power        Failure   Level  Hunger
a - Sandblast             Erth           ##....       4%          1    None
b - Stone Arrow           Conj/Erth      #.....       26%         3    ###....


Dungeon Overview and Level Annotations

Branches:
Dungeon (5/15)
 Temple: D:4-7

Altars:
Dithmenos
Hepliaklqana
Kikubaaqudgha
Nemelex Xobeh
Ru
Wu Jian
Zin

Annotations:
D:4 Dowan, Duvessa


Innate Abilities, Weirdness & Mutations

Shadows flee at your approach. (+LOS)
You can swim through water.
You cover ground slowly.
You can hop short distances.


Message History

The ogre closely misses you.
You riposte.
A centaur comes into view.
The centaur shouts!
You hit the ogre but do no damage.
The ogre is almost dead.
The centaur wields a shortbow.
The centaur shoots an arrow.
The arrow closely misses you.
The arrow barely misses the ogre.
You aren't carrying any items that you can evoke.
Unknown command.
Okay, then.
Okay, then.
Unknown command.
Hop to where?
Press: ? - help, Dir - move target cursor, p - ogre Boing!
The ogre hits you with a giant club!
It was a potion of might.
You feel very mighty all of a sudden. The ogre hits you with a giant club!
Ouch! That really hurt!
You die...

##.......##+###
..............#
..............#
#............#
#..##..c##...# #..
#...##...# ..
#..##.ยง.##'###.....
#....O..#.<........
#...@...#..........
#...........#.....#####
#......(...?+.....+
#..##..##..!#.....# #.
#.. #...#.....# ...
....#.....# #..
....+.....# #..
...#.....# #.. ...#


You could see an ogre and a centaur.

Vanquished Creatures
  An adder (D:3)
  A dart slug (D:3)
  3 leopard geckos (D:3)
  2 bats
  3 giant cockroaches
  5 hobgoblins
  4 jackals (D:3)
  2 quokkas (D:3)
  4 frilled lizards
  3 kobolds
  A rat (D:2)
29 creatures vanquished.

Notes
Turn   | Place    | Note
-------+----------+-------------------------------------------
     0 | D:1      | Lavandula the Barachi Earth Elementalist began the quest for the Orb.
     0 | D:1      | Reached XP level 1. HP: 13/13 MP: 3/3
   163 | D:1      | Reached XP level 2. HP: 19/19 MP: 3/5
   184 | D:2      | Found a shadowy altar of Dithmenos.
   184 | D:2      | Found an ornate altar of the Wu Jian Council.
   197 | D:2      | Reached skill level 3 in Spellcasting
   210 | D:2      | Found a hazy altar of Hepliaklqana.
   213 | D:2      | Found a sacrificial altar of Ru.
   219 | D:2      | Found a glowing silver altar of Zin.
   220 | D:2      | Found an ancient bone altar of Kikubaaqudgha.
   221 | D:2      | Found a sparkling altar of Nemelex Xobeh.
   375 | D:3      | Reached XP level 3. HP: 24/24 MP: 2/8
   424 | D:3      | Learned a level 3 spell: Stone Arrow
   568 | D:3      | Reached skill level 4 in Spellcasting
   655 | D:4      | Noticed Dowan
   659 | D:4      | Noticed Duvessa
   664 | D:5      | Entered Level 5 of the Dungeon
   673 | D:5      | Noticed an ogre
   679 | D:5      | Noticed a centaur
   681 | D:5      | Mangled by an ogre

Skill      XL: |  1  2  3 |
---------------+----------+-----
Spellcasting   | 3 4 |  4.0
Dodging        | |  2.1
Stealth        | |  1.7
Transmutations | |  1.1
Earth Magic    | |  3.0

Action                   || total
-------------------------++-------
Melee: Long sword        ||     9
 Cast: Sandblast         ||    44
       Stone Arrow       ||     1
 Abil: Hop               ||     1
  Use: Potion            ||     1
Armor: Robe              ||     4
Dodge: Dodged            ||    24
       Rpst.: Long sword ||     6
